 Dungeon Crawl Stone Soup version 0.21-a0-529-g8c7b3f5 (webtiles) character file.

86 slep the Shield-Bearer (level 4, -8/24 HPs)
             Began as a Vine Stalker Fighter on Dec 10, 2017.
             Mangled by a gnoll
             ... wielding a +0 flail
              (9 damage)
             ... on level 2 of the Dungeon.
             The game lasted 00:03:19 (795 turns).

slep the Shield-Bearer (Vine Stalker Fighter)        Turns: 795, Time: 00:03:20

Health: -8/24      AC:  7    Str: 19    XL:     4   Next: 49%
Magic:  0/5        EV:  7    Int:  8    God:
Gold:   65         SH:  9    Dex: 14    Spells: 3/3 levels left

rFire    . . .     SeeInvis .   a - +0 war axe
rCold    . . .     Gourm    .   c - +0 shield
rNeg     . . .     Faith    .   b - +0 scale mail
rPois    .         Spirit   +   l - +0 helmet
rElec    .         Reflect  .   (no cloak)
rCorr    .         Harm     .   (no gloves)
MR       .....                  (no boots)
Stlth    ..........             (no amulet)
HPRegen  0.48/turn              (no ring)
MPRegen  0.09/turn              (no ring)

@: lethally poisoned (-8 -> -12)
A: fangs 2, regeneration 1, magic shield, antimagic bite, no potion heal 3, rot
immunity
a: no special abilities


You were on level 2 of the Dungeon.
You were not hungry.

You visited 1 branch of the dungeon, and saw 2 of its levels.

You collected 65 gold pieces.

Inventory:

Hand Weapons
 a - a +0 war axe (weapon)
Armour
 b - a +0 scale mail (worn)
 c - a +0 shield (worn)
 l - a +0 helmet (worn)
Scrolls
 e - 2 scrolls of teleportation {unknown}
 j - a scroll of remove curse {unknown}
Potions
 d - a potion of might
 g - a potion of flight {unknown}
 k - 2 potions of ambrosia {unknown}
Comestibles
 f - 3 bread rations
 h - a meat ration
 i - 2 fruits


   Skills:
 + Level 3.0 Fighting
 + Level 2.7 Axes
 + Level 2.7 Armour
 + Level 0.8 Dodging
 + Level 0.3 Stealth
 + Level 3.3 Shields


You had 3 spell levels left.
You didn't know any spells.

Dungeon Overview and Level Annotations

Branches:
Dungeon (2/15)

Altars:
Yredelemnul


Innate Abilities, Weirdness & Mutations

You have extremely sharp teeth.
Your natural rate of healing is unusually fast.
When hurt, damage is shared between your health and your magic reserves.
Your bite disrupts and absorbs the magic of your enemies.
Potions cannot restore your health.
You are immune to rotting.


Message History

The gnoll hits you with a flail. The gnoll hits you but does no damage.
You are more poisoned.
You block the adder's attack. The gnoll hits you but does no damage.
You slash the gnoll!
You kill the gnoll!
You hit the gnoll but do no damage. You barely miss the adder.
You feel very sick. The adder bites you but does no damage.
The gnoll hits you with a flail.
* * * LOW HITPOINT WARNING * * *
The gnoll misses you. The adder barely misses you.
You hit the adder. Your bite misses the adder.
The adder is heavily wounded.
You hit the gnoll but do no damage.
* * * LOW HITPOINT WARNING * * *
You feel sick. The gnoll hits you but does no damage.
The adder bites you but does no damage. The gnoll hits you with a flail.
* * * LOW HITPOINT WARNING * * *
You block the adder's attack. The gnoll closely misses you.
The gnoll hits you with a flail!
You die...

#................ #.
#..#.##......[...
#.##..#.##..........
.....#.##..........
##..##.............
#..##..#..........
#######......#..........
......gS^.............
#g)@...###........
......###### #........
....# #....#### ...
##### .


You could see 2 gnolls and an adder.

Vanquished Creatures
  Robin (D:2)
  2 gnolls (D:2)
  2 oozes (D:1)
  A dart slug (D:1)
  A giant cockroach (D:2)
  11 goblins
  5 hobgoblins
  5 kobolds
  2 quokkas (D:2)
  8 bats (D:1)
  2 frilled lizards
  2 rats (D:1)
42 creatures vanquished.

Notes
Turn   | Place    | Note
-------+----------+-------------------------------------------
     0 | D:1      | slep the Vine Stalker Fighter began the quest for the Orb.
     0 | D:1      | Reached XP level 1. HP: 11/11 MP: 2/2
   137 | D:1      | Reached XP level 2. HP: 12/16 MP: 1/3
   286 | D:1      | Reached XP level 3. HP: 17/19 MP: 4/4
   619 | D:2      | Found a basalt altar of Yredelemnul.
   690 | D:2      | Noticed Robin
   703 | D:2      | Killed Robin
   708 | D:2      | Gained mutation: Your natural rate of healing is unusually fast. [Vine Stalker growth]
   708 | D:2      | Reached XP level 4. HP: 9/24 MP: 2/5
   795 | D:2      | HP: 1/24 [gnoll/flail (3)]
   795 | D:2      | Mangled by a gnoll

Vault maps used:
D:1:      minmay_arrival_doors, item_on_display_a
D:2:      kennysheep_the_goblin_king, old_standard_altar, first_bread,
          uniq_robin, uniq_crazy_yiuf_cottage

Skill      XL: |  1  2  3 |
---------------+----------+-----
Axes           | 2 |  2.7
Shields        | 3 |  3.3
Fighting       | 3 |  3.0
Armour         | |  2.7
Dodging        | |  0.8
Stealth        | |  0.3

Action                   |  1- 3 |  4- 6 || total
-------------------------+-------+-------++-------
Melee: War axe           |    65 |    18 ||    83
       Bite              |    17 |     4 ||    21
Armor: Scale mail        |    34 |    20 ||    54
Dodge: Dodged            |    23 |    14 ||    37
Block: Shield            |    44 |    18 ||    62

Table legend:
 A = Spawn XP
 B = Non-spawn XP
 C = Spawn XP percentage of total XP
 D = Spawn monster count
 E = Non-spawn monster count
 F = Spawn count percentage of total count
 G = Total turns spent on level
                    A         B        C        D         E        F      G
               +---------+---------+-------+---------+---------+-------+---------
         Total |       0 |     123 |   0.0 |       0 |      42 |   0.0 |   795
               +---------+---------+-------+---------+---------+-------+---------
           D:1 |       0 |      47 |   0.0 |       0 |      21 |   0.0 |   603
           D:2 |       0 |      76 |   0.0 |       0 |      21 |   0.0 |   192
               +---------+---------+-------+---------+---------+-------+---------
